 Dungeon Crawl Stone Soup version 0.23.0-33-g5e6c059 (webtiles) character file.

Game seed: 12505935566503286483

31 Hasart the Scratcher (level 3, -11/16 HPs)
             Began as a Felid Transmuter on Feb 26, 2019.
             Killed by nerve-wracking pain
             ... invoked by an orc priest
              (12 damage)
             ... on level 5 of the Dungeon.
             The game lasted 00:04:56 (2063 turns).

Hasart the Scratcher (Felid Transmuter)             Turns: 2063, Time: 00:04:57

Health: -11/16     AC:  1    Str:  6    XL:     3   Next: 7%
Magic:  7/7        EV: 19    Int: 15    God:
Gold:   200        SH:  0    Dex: 16    Spells: 5/6 levels left
                                        Lives:  0   Deaths: 1

rFire    . . .     SeeInvis +     - Unarmed
rCold    . . .     Gourm    .   (shield unavailable)
rNeg     . . .     Faith    .   (armour unavailable)
rPois    .         Spirit   .   (helmet unavailable)
rElec    .         Reflect  .   (cloak unavailable)
rCorr    .         Harm     .   (gloves unavailable)
MR       .....                  (boots unavailable)
Stlth    ++........             h - amulet of inaccuracy (curse)
HPRegen  0.05/turn              (no ring)
MPRegen  0.10/turn              (no ring)

@: quick
A: very small, no armour, no weapons or thrown items, stealth, claws 1, fangs 3,
see invisible, carnivore, speed 1, shaggy fur 1, slow metabolism 1, sharp paws
a: no special abilities


You were on level 5 of the Dungeon.
You were not hungry.

You visited 1 branch of the dungeon, and saw 4 of its levels.

You collected 200 gold pieces.

Inventory:

Missiles
 a - 61 arrows
Jewellery
 b - an uncursed ring of fire
 h - a cursed amulet of inaccuracy (around neck)
 i - an uncursed amulet of harm {unknown}
Scrolls
 d - a scroll of enchant weapon
 e - 2 scrolls of remove curse {unknown}
 g - 4 scrolls of identify
 j - a scroll of teleportation {unknown}
Potions
 f - 3 potions of curing {unknown}
Comestibles
 c - 6 rations


   Skills:
 + Level 2.0 Fighting
 + Level 3.7 Dodging
 * Level 4.1 Unarmed Combat
 - Level 2.0 Spellcasting
 - Level 2.1 Transmutations


You had 5 spell levels left.
You knew the following spells:

 Your Spells              Type           Power        Failure   Level  Hunger
a - Beastly Appendage     Tmut           #.....       9%          1    #......

Your spell library contained the following spells:

 Spells                   Type           Power        Failure   Level  Hunger
 Sticks to Snakes         Tmut           #.......     14%         2    ###....
 Spider Form              Tmut/Pois      #.........   38%         3    ###....
 Ice Form                 Ice/Tmut       #.......     80%         4    #####..
 Blade Hands              Tmut           #.........   94%         5    ######.


Dungeon Overview and Level Annotations

Branches:
Dungeon (5/15)
 Temple: D:4-7

Altars:
Kikubaaqudgha
The Shining One

Annotations:
D:4 Menkaure


Innate Abilities, Weirdness & Mutations

You cannot wear armour.
You are incapable of wielding weapons or throwing items.
Your paws allow you to move quietly. (Stealth)
You have sharp claws.
You have razor-sharp teeth.
You have supernaturally acute eyesight. (SInv)
You are carnivorous and can eat meat at any time.
You cover ground quickly.
You are covered in fur. (AC +1)
You have a slow metabolism.
Your sharp claws are effective at attacking unaware monsters.


Message History

An adder skeleton comes into view.
An orc comes into view.
It is wielding a +2 flail of protection.
The orc misses you.
The orc shouts!
The crimson imp shouts!
The orc priest invokes the aid of Beogh against you.
Beogh smites you!
Ouch! That really hurt!
You barely miss the orc priest.
The crimson imp blinks!
The orc priest hits you with a +0 whip.
* * * LOW HITPOINT WARNING * * *
You scratch the orc priest.
The orc priest is moderately wounded.
The orc hits you.
* * * LOW HITPOINT WARNING * * *
The orc closely misses you.
The orc reads a scroll.
Wisps of shadow swirl around the orc.
The orc priest invokes the aid of Beogh against you.
Pain shoots through your body!
Ouch! That really hurt!
You die...

###############
#.............#
#.###########.# #.# #.#
#.# #.######### #.######
#.......... #......#
#>o........ #......#
#.o@....... #......#
#oo§....... #......#
o......Z.....
#....?.##..oo.s........
#......##....o......5..
........##....o..o......
##.#+#####.....o........
##.#.# #......o.......
.#.#.###


You could see a scorpion, an orc priest, 2 orc wizards, a crimson imp, 9 orcs
and an adder skeleton.

Vanquished Creatures
  A crimson imp (D:5)
  An ooze (D:2)
  A dart slug (D:2)
  A leopard gecko (D:2)
  An orc (D:4)
  5 bats
  3 giant cockroaches (D:1)
  4 goblins
  6 jackals (D:2)
  A frilled lizard (D:2)
  2 kobolds
  4 rats (D:1)
30 creatures vanquished.

Notes
Turn   | Place    | Note
-------+----------+-------------------------------------------
     0 | D:1      | Hasart the Felid Transmuter began the quest for the Orb.
     0 | D:1      | Reached XP level 1. HP: 9/9 MP: 4/4
   192 | D:1      | Reached XP level 2. HP: 12/12 MP: 6/6
  1105 | D:2      | Reached XP level 3. HP: 15/15 MP: 7/7
  1144 | D:2      | Found a glowing golden altar of the Shining One.
  1738 | D:2      | You fall through a shaft for 2 floors!
  1804 | D:4      | Found an ancient bone altar of Kikubaaqudgha.
  1836 | D:4      | Noticed Menkaure
  1849 | D:5      | Entered Level 5 of the Dungeon
  1982 | D:5      | Reached skill level 4 in Unarmed Combat
  1982 | D:5      | Reached XP level 4. HP: 17/19 MP: 8/8
  2036 | D:5      | Mangled by a scorpion
  2037 | D:5      | Reached XP level 3. HP: -6/16 MP: 7/7
  2063 | D:5      | Killed from afar by an orc priest

Skill      XL: |  1  2  3 |
---------------+----------+-----
Dodging        | 3 |  3.7
Fighting       | 2 |  2.0
Unarmed Combat | 4 |  4.1
Spellcasting   | |  2.0
Transmutations | |  2.1

Action                   |  1- 3 |  4- 6 || total
-------------------------+-------+-------++-------
Melee: Unarmed           |   116 |    16 ||   132
       Bite              |     6 |       ||     6
       Punch             |     1 |       ||     1
  Use: Scroll            |     3 |       ||     3
 Stab: Sleeping          |     4 |       ||     4
  Eat: Chunk             |     9 |       ||     9
Armor: Skin              |     8 |     1 ||     9
Dodge: Dodged            |    97 |    11 ||   108
